 Dungeon Crawl Stone Soup version 0.25-a0-366-g516bc45ae0 (webtiles) character file.

Game seed: 17169801795869202653, levelgen mode: deterministic

9448 Borgoz the Basher (level 11, 0/71 HPs)
             Began as a Gargoyle Berserker on Jan 5, 2020.
             Was an Elder of Trog.
             Slain by a naga warrior
             ... wielding a +0 halberd
              (5 damage)
             ... on level 1 of the Abyss on Jan 6, 2020.
             The game lasted 00:16:07 (9843 turns).

Borgoz the Basher (Gargoyle Berserker)              Turns: 9843, Time: 00:16:08

Health: 0/71       AC: 18    Str: 26    XL:     11   Next: 46%
Magic:  11/11      EV: 11    Int:  8    God:    Trog [****..]
Gold:   102        SH:  0    Dex: 10    Spells: 10/10 levels left

rFire    . . .     SeeInvis .   J - +4 dire flail
rCold    . . .     Gourm    +   (shield currently unavailable)
rNeg     + . .     Faith    .   j - +0 acid dragon scales
rPois    ∞         Spirit   .   v - +1 hat
rElec    +         Reflect  .   (no cloak)
rCorr    +         Harm     .   (no gloves)
MR       ++...                  H - +0 pair of boots {run}
Stlth    +.........             F - amulet of the gourmand
HPRegen  1.21/turn              p - +3 ring of strength
MPRegen  0.12/turn              (no ring)

@: berserk cooldown, regenerating, slowed, constricted, very slow
A: negative energy resistance 1, electricity resistance, unbreathing,
petrification resistance, rot immunity, AC +8
a: Berserk, Trog's Hand, Brothers in Arms, Renounce Religion


You were on level 1 of the Abyss.
You worshipped Trog.
Trog was greatly pleased with you.
You were very full.

You visited 2 branches of the dungeon, and saw 11 of its levels.
You visited the Abyss 1 time.
You also visited: Sewer.

You collected 742 gold pieces.
You spent 640 gold pieces at shops.

Inventory:

Hand Weapons
 n - a +3 flail
 J - a +4 dire flail (weapon)
Missiles
 x - 2 throwing nets (quivered)
Armour
 j - +0 acid dragon scales (worn)
 v - a +1 hat (worn)
 B - a +1 scale mail of magic resistance
 H - a +0 pair of boots of running (worn)
Jewellery
 d - an uncursed ring of ice
 p - a +3 ring of strength (left hand)
 F - an amulet of the gourmand (around neck)
Wands
 e - a wand of digging (3)
 t - a wand of iceblast (9)
 A - a wand of acid (9)
 D - a wand of scattershot (3)
 E - a wand of polymorph (11)
Scrolls
 g - a scroll of noise {unknown}
 i - a scroll of fog {unknown}
 k - 6 scrolls of remove curse
 l - 4 scrolls of teleportation {unknown}
 o - 2 scrolls of magic mapping
 q - 2 scrolls of immolation {unknown}
 r - a scroll of enchant weapon
 u - 3 scrolls of fear {unknown}
 y - a scroll of enchant armour {unknown}
 C - 2 scrolls of identify
 I - a scroll of brand weapon {unknown}
Potions
 a - 4 potions of brilliance
 b - a potion of ambrosia
 f - 4 potions of might
 h - 3 potions of agility
 m - 4 potions of flight
 s - 8 potions of curing
 w - 4 potions of heal wounds
 z - a potion of invisibility {unknown}
 G - a potion of mutation {unknown}
Comestibles
 c - 15 rations
 K - a chunk of flesh


   Skills:
 + Level 9.3 Fighting
 * Level 11.5 Maces & Flails
 + Level 9.0 Armour
 + Level 6.8 Dodging


You had 10 spell levels left.
You didn't know any spells.
Your spell library was empty.

Dungeon Overview and Level Annotations

Branches:
Dungeon (10/15)            Temple (1/1) D:6            Lair (0/6) D:9
  Sewer (visited)
    Orc: D:9-12

Altars:
Ashenzari
Cheibriados
Fedhas
Kikubaaqudgha
Nemelex Xobeh
Okawaru
Sif Muna
Trog
Vehumet
The Shining One

Shops:
D:7 *   D:9 [   D:10 %=

Annotations:
D:10 Sonja


Innate Abilities, Weirdness & Mutations

You are resistant to torment.
Your stone body is resilient. (AC +8)
You are immune to poison.
You resist negative energy. (rN+)
You are resistant to electric shocks. (rElec)
You can survive without breathing.
You are immune to petrification.
You are immune to rotting.


Message History

The thrashing horror tramples you.
You stumble backwards!
The naga warrior spits poison at you. The splash of poison misses you.
You puncture the thrashing horror!
The thrashing horror is lightly damaged.
The thrashing horror closely misses you.
The thrashing horror tramples you but does no damage.
The thrashing horror roars!
The thrashing horror closely misses you.
The thrashing horror tramples you but does no damage. x2
The thrashing horror closely misses you.
The thrashing horror roars!
The thrashing horror tramples you but does no damage.
The thrashing horror misses you. The thrashing horror tramples you!
* * * LOW HITPOINT WARNING * * *
You hold your ground!
The thrashing horror misses you.
The naga warrior hits you with a +0 halberd!
* * * LOW HITPOINT WARNING * * *
The naga warrior grabs you.
You die...

# ## # # ## .
.#...### #. .
#)#.#.... .##..
# #.#.#..# ##
##...#. #....#
. .. #.. #))#
..## #.#
#.####N#.. .#.#
.
####...@###....
#.. ..
..#.#...X.# #
#. . # .##
.#.###### .# ##
... .#.. #.#.
.# .#.#. #
...#.##.# ## .
##..#. # # ...
.


You could see a naga warrior and a thrashing horror.

Vanquished Creatures
  Harold (D:8)
  Erolcha (D:9)
  Erica (D:10)
  A salamander (Abyss:1)
  A guardian serpent (Abyss:1)
  A troll (D:10)
  Prince Ribbit (D:7)
  A hippogriff (D:7)
  Sigmund (D:4)
  Grum (D:8)
  2 acid dragons
  A naga (Abyss:1)
  4 porcupines (D:9)
  4 orc warriors
  3 sky beasts
  7 black bears
  A hornet zombie (D:9)
  5 ogres
  3 phantoms
  2 ice beasts (D:8)
  2 wolves (D:8)
  3 centaurs
  2 big kobolds (Sewer)
  A wyvern zombie (D:8)
  4 bullfrogs
  A gnoll sergeant (D:8)
  A scorpion (D:6)
  4 killer bees
  A water moccasin skeleton (D:6)
  3 howler monkeys (D:8)
  A bullfrog zombie (D:5)
  4 crimson imps
  A centaur zombie (D:6)
  A quasit (D:6)
  3 hounds
  4 jellies
  3 orc priests
  6 orc wizards
  An iguana (D:7)
  Natasha (thrice) (D:4)
  13 worker ants
  A hound skeleton (D:8)
  A hound zombie (D:7)
  10 gnolls
  13 adders
  8 river rats (Sewer)
  2 oozes
  2 adder zombies
  2 worms (D:6)
  2 adder skeletons (D:5)
  A dart slug (D:1)
  3 leopard geckos
  25 orcs
  2 bats (D:1)
  5 giant cockroaches
  4 goblins
  11 hobgoblins
  6 jackals
  19 kobolds
  3 quokkas
  4 ball pythons (Sewer)
  2 frilled lizards
  A leopard gecko skeleton (D:4)
  A quokka skeleton (D:4)
  21 rats
253 creatures vanquished.

Vanquished Creatures (others)
  5 fungi (D:9)
5 creatures vanquished.

Grand Total: 258 creatures vanquished

Notes
Turn   | Place    | Note
-------+----------+-------------------------------------------
     0 | D:1      | Borgoz the Gargoyle Berserker began the quest for the Orb.
     0 | D:1      | Reached XP level 1. HP: 14/14 MP: 1/1
   391 | D:1      | Reached XP level 2. HP: 12/19 MP: 2/2
   686 | D:1      | Reached XP level 3. HP: 23/23 MP: 3/3
  1400 | D:2      | Found a bloodstained altar of Trog.
  1418 | D:2      | Reached ** piety under Trog
  1593 | D:2      | Found a bloodstained altar of Trog.
  2094 | D:3      | Reached XP level 4. HP: 29/29 MP: 4/4
  2104 | D:3      | Noticed a phantom
  2138 | D:3      | Reached skill level 4 in Maces & Flails
  2180 | D:3      | Killed a phantom
  2180 | D:3      | Reached XP level 5. HP: 3/33 MP: 5/5
  2519 | D:3      | Found a sparkling altar of Nemelex Xobeh.
  2521 | D:3      | Found an ancient bone altar of Kikubaaqudgha.
  2529 | D:3      | Found a radiant altar of Vehumet.
  2832 | D:4      | Noticed Natasha
  2837 | D:4      | Killed Natasha
  2837 | D:4      | Reached XP level 6. HP: 37/38 MP: 6/6
  2854 | D:4      | Noticed Sigmund
  2867 | D:4      | Killed Sigmund
  2867 | D:4      | Reached skill level 5 in Maces & Flails
  3384 | D:4      | Reached XP level 7. HP: 42/44 MP: 7/7
  3426 | D:4      | Noticed Natasha
  3437 | D:4      | Killed Natasha
  3635 | D:4      | Reached skill level 5 in Fighting
  3788 | D:4      | Found a blossoming altar of Fedhas.
  3899 | D:4      | Noticed Natasha
  3912 | D:4      | Killed Natasha
  4199 | D:5      | Entered Level 5 of the Dungeon
  4221 | D:5      | Reached skill level 6 in Maces & Flails
  4380 | D:5      | Reached XP level 8. HP: 23/49 MP: 8/8
  4638 | D:5      | Found an iron altar of Okawaru.
  4691 | D:5      | Reached skill level 5 in Armour
  4975 | D:5      | Found a shattered altar of Ashenzari.
  4976 | D:5      | Found a glowing golden altar of the Shining One.
  4976 | D:5      | Found a snail-covered altar of Cheibriados.
  4986 | D:5      | Found a shimmering blue altar of Sif Muna.
  5238 | D:6      | Reached *** piety under Trog
  5238 | D:6      | Reached skill level 7 in Maces & Flails
  5365 | D:6      | Found a glowing drain.
  5385 | Sewer    | Entered a sewer
  5442 | Sewer    | Upgraded the game from 0.25-a0-365-g7600c65aa0 to
                  | 0.25-a0-366-g516bc45ae0
  5699 | Sewer    | Reached XP level 9. HP: 53/55 MP: 9/9
  5754 | Sewer    | Reached **** piety under Trog
  6200 | D:6      | Reached skill level 8 in Maces & Flails
  6424 | D:6      | Found a staircase to the Ecumenical Temple.
  6433 | Temple   | Entered the Ecumenical Temple
  6584 | D:7      | Reached skill level 5 in Dodging
  6657 | D:7      | Noticed Prince Ribbit
  6670 | D:7      | Killed Prince Ribbit
  6670 | D:7      | Reached skill level 9 in Maces & Flails
  7045 | D:7      | Reached XP level 10. HP: 33/63 MP: 10/10
  7281 | D:7      | Found Semit's Assorted Antiques.
  7285 | D:7      | Bought a scroll of identify for 68 gold pieces
  7285 | D:7      | Bought a scroll of identify for 68 gold pieces
  7483 | D:8      | Noticed Grum
  7496 | D:8      | Killed Grum
  7501 | D:8      | Reached ***** piety under Trog
  7501 | D:8      | Received a gift from Trog
  7884 | D:8      | Noticed Harold
  7911 | D:8      | Killed Harold
  7911 | D:8      | Reached skill level 10 in Maces & Flails
  8754 | D:9      | Noticed Erolcha
  8755 | D:9      | Found a staircase to the Lair.
  8764 | D:9      | Killed Erolcha
  8774 | D:9      | Reached XP level 11. HP: 69/69 MP: 11/11
  8969 | D:9      | Reached skill level 11 in Maces & Flails
  9122 | D:9      | Found Jumnio's Armour Shop.
  9142 | D:9      | Bought a +0 pair of boots of running for 504 gold pieces
  9530 | D:10     | Entered Level 10 of the Dungeon
  9541 | D:10     | Found Kolaneha's Jewellery Emporium.
  9546 | D:10     | Found Fataj's Food Shoppe.
  9573 | D:10     | Received a gift from Trog
  9682 | D:10     | Noticed Erica
  9692 | D:10     | Killed Erica
  9712 | D:10     | Noticed Sonja
  9720 | D:10     | Cast into level 1 of the Abyss (Sonja)
  9737 | Abyss:1  | Found a corrupted altar of Lugonu.
  9813 | Abyss:1  | Noticed a salamander
  9833 | Abyss:1  | Killed a salamander
  9833 | Abyss:1  | Noticed a thrashing horror
  9835 | Abyss:1  | Noticed a naga warrior
  9843 | Abyss:1  | Slain by a naga warrior

Levels and vault maps discovered:
D:1:      saegor_arrival_miasma, layout_basic
D:2:      layout_loops_ring, lightli_temple_of_fire, trog_hazing_becter
D:3:      layout_loops_cross, nicolae_overflow_hidden_temple
D:4:      layout_cave_pods, marbit_many_paths, first_ration, uniq_natasha,
          uniq_sigmund
D:5:      layout_loops_ring, nicolae_overflow_quartered_altars,
          kennysheep_okawaru_gauntlet
D:6:      layout_rooms, minmay_temple_entry_poolview,
          cheibrodos_sewer_entry_bend, lightli_corner_chamber
D:7:      layout_loops_ring, serial_shops, shop, uniq_prince_ribbit1
D:8:      layout_loops_cross, item_on_display_a, uniq_harold, uniq_grum
D:9:      layout_irregular_city, due_lair_maze_entry_diamond, serial_shops,
          nicolae_shop_crystal, uniq_erolcha
D:10:     layout_irregular_city, orc_0_dummy, serial_shops, shop,
          nicolae_shop_crystal, hellmonk_ghost_happy_afterlife, uniq_sonja,
          uniq_erica
Temple:   nicolae_temple_god_jail
Abyss:1:  base:
D:5

Skill      XL: |  1  2  3  4  5  6  7  8  9 10 11 |
---------------+----------------------------------+-----
Dodging        | 2 3 4 5 6 |  6.8
Maces & Flails | 4 5 6 7 9 10 11 | 11.5
Armour         | 3 4 5 7 8 9 |  9.0
Fighting       | 4 5 6 7 8 9 |  9.3

Action                   |  1- 3 |  4- 6 |  7- 9 | 10-12 || total
-------------------------+-------+-------+-------+-------++-------
Melee: Mace              |    94 |   104 |   207 |       ||   405
       Flail             |       |       |   276 |   237 ||   513
       Unarmed           |       |       |       |    21 ||    21
       Dire flail        |       |       |       |    39 ||    39
Invok: Berserk           |     1 |     2 |     6 |     4 ||    13
       Trog's Hand       |       |       |       |     1 ||     1
Evoke: Wand              |       |       |     1 |       ||     1
  Use: Scroll            |       |       |    12 |     2 ||    14
  Eat: Chunk             |     4 |     6 |    18 |    26 ||    54
Armor: Animal skin       |     9 |       |       |       ||     9
       Ring mail         |    30 |    43 |   136 |       ||   209
       Scale mail        |       |       |   111 |    17 ||   128
       Acid dragon scale |       |       |       |   111 ||   111
       Skin              |       |       |       |    14 ||    14
Dodge: Dodged            |    80 |    60 |   346 |   218 ||   704

Table legend:
 A = Non-vault XP
 B = Vault XP
 C = Vault XP percentage of total XP
 D = Non-vault monster count
 E = Vault monster count
 F = Vault count percentage of total count
                 A         B        C        D         E       F
            +---------+---------+-------+---------+---------+-------
      Total |    7578 |    5920 |  43.9 |     174 |      79 |  31.2
            +---------+---------+-------+---------+---------+-------
        D:1 |      51 |       0 |   0.0 |      22 |       0 |   0.0
        D:2 |      18 |      12 |  40.0 |       4 |       6 |  60.0
        D:3 |     210 |       0 |   0.0 |      13 |       0 |   0.0
        D:4 |     402 |     247 |  38.1 |      19 |       2 |   9.5
        D:5 |     665 |       0 |   0.0 |      18 |       0 |   0.0
        D:6 |     944 |     292 |  23.6 |      21 |       5 |  19.2
        D:7 |    1465 |     268 |  15.5 |      27 |       1 |   3.6
        D:8 |    1346 |    1421 |  51.4 |      26 |       4 |  13.3
        D:9 |     763 |    2320 |  75.3 |      15 |      12 |  44.4
       D:10 |     568 |     955 |  62.7 |       6 |       1 |  14.3
    Abyss:1 |    1146 |       0 |   0.0 |       3 |       0 |   0.0
      Sewer |       0 |     405 | 100.0 |       0 |      48 | 100.0
            +---------+---------+-------+---------+---------+-------
